 Dungeon Sprint DCSS version 0.23-a0-239-g84a5ed292d (webtiles) character file.

856 ICC the Thaumaturge (level 8, -7/44 HPs)
             Began as a Vine Stalker Gladiator on Sept 26, 2018.
             Was a Believer of Wu Jian.
             Mangled by an eight-headed hydra (9 damage)
             ... in the Dungeon (Sprint IX: "|||||||||||||||||||||||||||||").
             The game lasted 00:04:13 (557 turns).

ICC the Thaumaturge (Vine Stalker Gladiator)         Turns: 557, Time: 00:04:14

Health: -7/44      AC:  9    Str: 16    XL:     8   Next: 2%
Magic:  0/22       EV: 17    Int:  8    God:    Wu Jian [**....]
Gold:   0          SH:  0    Dex: 19    Spells: 26/26 levels left

rFire    . . .     SeeInvis .   p - +2 rapier (distort)
rCold    . . .     Gourm    .   (no shield)
rNeg     . . .     Faith    .   r - +1 scale mail
rPois    .         Spirit   +   (helmet restricted)
rElec    .         Reflect  .   (no cloak)
rCorr    .         Harm     .   q - +0 pair of gloves
MR       +....     NoTele   +   (no boots)
Stlth    ..........             (no amulet)
HPRegen  0.54/turn              s - +2 ring of evasion
MPRegen  0.18/turn              t - +2 ring of evasion

@: no status effects
A: fangs 3, hooves 1, horns 2, sense surroundings 1, regeneration 1, magic
shield, antimagic bite, no potion heal 3, rot immunity
a: Wall Jump, Renounce Religion


You were in the Dungeon.
You worshipped Wu Jian.
Wu Jian was pleased with you.
You were not hungry.

You visited 1 branch

Inventory:

Hand Weapons
 a - a +0 rapier
 p - a +2 rapier of distortion (weapon)
Missiles
 d - 3 throwing nets (quivered)
Armour
 c - a +0 helmet
 q - a +0 pair of gloves (worn)
 r - a +1 scale mail (worn)
Jewellery
 s - a +2 ring of evasion (left hand)
 t - a +2 ring of evasion (right hand)
Wands
 o - a wand of acid (10)
 u - a wand of paralysis (7)
Scrolls
 k - 3 scrolls of blinking
 m - 5 scrolls of remove curse
 n - 2 scrolls of amnesia
 v - a scroll of magic mapping
 w - a scroll of identify
 x - 2 scrolls of enchant weapon
Potions
 b - a potion of mutation
 e - 5 potions of curing
 g - 2 potions of brilliance
 h - 2 potions of haste
 i - 4 potions of magic
 j - a potion of invisibility
 l - a potion of agility
Comestibles
 f - a ration


   Skills:
 + Level 5.4 Fighting
 + Level 9.5 Short Blades
 - Level 1.7 Throwing
 + Level 4.4 Armour
 + Level 5.2 Dodging
 + Level 9.8 Spellcasting


You had 26 spell levels left.
You didn't know any spells.
Your spell library was empty.

Dungeon Overview and Level Annotations

Branches:
Dungeon (1/1)

Altars:
Cheibriados
Dithmenos
Elyvilon
Fedhas
Gozag
Hepliaklqana
Kikubaaqudgha
Makhleb
Nemelex Xobeh
Okawaru
Qazlal
Ru
Sif Muna
Trog
Uskayaw
Vehumet
Wu Jian
Xom
Yredelemnul
Zin
The Shining One
Beogh
Jiyva
Lugonu


Innate Abilities, Weirdness & Mutations

You have razor-sharp teeth.
Your natural rate of healing is unusually fast.
When hurt, damage is shared between your health and your magic reserves.
Your bite disrupts and absorbs the magic of your enemies.
Potions cannot restore your health.
You are immune to rotting.
You have large cloven feet.
You have a pair of horns on your head.
You passively map a small area around you.


Message History

The eight-headed hydra bites you. The eight-headed hydra bites you!
* * * LOW HITPOINT WARNING * * *
The eight-headed hydra misses you.
The eight-headed hydra barely misses you.
The eight-headed hydra bites you!
* * * LOW HITPOINT WARNING * * *
The eight-headed hydra bites you!
* * * LOW HITPOINT WARNING * * *
The eight-headed hydra misses you.
You hit the eight-headed hydra.
Space bends around the eight-headed hydra.
You kick the eight-headed hydra. You headbutt the eight-headed hydra!
You bite the eight-headed hydra. You drain its power.
You feel invigorated.
The eight-headed hydra is heavily wounded.
The eight-headed hydra closely misses you. x2
The eight-headed hydra bites you.
* * * LOW HITPOINT WARNING * * *
The eight-headed hydra completely misses you.
The eight-headed hydra bites you!
You die...

▓.▓_▓
▓.▓.▓_▓
,*
▓.▓.▓_▓
,▓S▓.▓_▓
▓H▓.▓_▓
▓S▓.▓_▓
, *
▓r▓.▓_▓
▓D▓.▓_▓
* *
▓@▓.▓_▓
,
,▓.▓.▓_▓
, ,*
▓.▓.▓_▓
*, ,
▓.▓.▓_▓
*
▓.▓.▓'▓
* *
▓.▓.▓.▓
*,
,▓(▓.▓.▓
▓.▓.▓.▓
,
▓.▓.▓)▓


You could see an eight-headed hydra, a hippogriff, 2 water moccasins and a
porcupine.

Vanquished Creatures
  A hungry ghost (D)
  A porcupine (D)
  A black bear (D)
  A centaur (D)
  A bullfrog (D)
  An iguana (D)
  A worker ant (D)
  A worm (D)
  A dart slug (D)
  A leopard gecko (D)
  An orc (D)
  A bat (D)
  A goblin (D)
  A ball python skeleton (D)
  A ball python zombie (D)
  A frilled lizard (D)
  A jackal zombie (D)
17 creatures vanquished.

Vanquished Creatures (others)
  A spatial maelstrom (D)
  A troll (D)
  A blink frog (D)
  An orc warrior (D)
4 creatures vanquished.

Grand Total: 21 creatures vanquished

Notes
Turn   | Place    | Note
-------+----------+-------------------------------------------
     0 | D        | ICC the Vine Stalker Gladiator began the quest for the Orb.
     0 | D        | Reached XP level 1. HP: 11/11 MP: 2/2
     0 | D        | Banished a spatial maelstrom
     9 | D        | Reached skill level 1 in Spellcasting
    20 | D        | Reached XP level 2. HP: 9/15 MP: 2/6
   140 | D        | Noticed a centaur
   149 | D        | Reached XP level 3. HP: 15/18 MP: 5/9
   155 | D        | Killed a centaur
   155 | D        | Gained mutation: Your natural rate of healing is unusually
                  | fast. [Vine Stalker growth]
   155 | D        | Reached XP level 4. HP: 8/23 MP: 3/13
   159 | D        | Reached XP level 5. HP: 9/26 MP: 3/15
   168 | D        | Found a roughly hewn altar of Beogh.
   168 | D        | Found a snail-covered altar of Cheibriados.
   168 | D        | Found a shadowy altar of Dithmenos.
   168 | D        | Found a white marble altar of Elyvilon.
   168 | D        | Found a blossoming altar of Fedhas.
   168 | D        | Found an opulent altar of Gozag.
   169 | D        | Found a hazy altar of Hepliaklqana.
   170 | D        | Found a viscous altar of Jiyva.
   171 | D        | Found an ancient bone altar of Kikubaaqudgha.
   172 | D        | Found a corrupted altar of Lugonu.
   173 | D        | Found a burning altar of Makhleb.
   174 | D        | Found a sparkling altar of Nemelex Xobeh.
   175 | D        | Found an iron altar of Okawaru.
   176 | D        | Found a stormy altar of Qazlal.
   177 | D        | Found a sacrificial altar of Ru.
   178 | D        | Found a deep blue altar of Sif Muna.
   179 | D        | Found a bloodstained altar of Trog.
   180 | D        | Found a hide-covered altar of Uskayaw.
   181 | D        | Found a radiant altar of Vehumet.
   182 | D        | Found an ornate altar of the Wu Jian Council.
   183 | D        | Found a shimmering altar of Xom.
   184 | D        | Found a basalt altar of Yredelemnul.
   185 | D        | Found a glowing silver altar of Zin.
   186 | D        | Found a glowing golden altar of the Shining One.
   190 | D        | Became a worshipper of the Wu Jian Council
   237 | D        | Noticed a yak
   237 | D        | Noticed a hungry ghost
   237 | D        | Noticed an ice beast
   237 | D        | Noticed an orc warrior
   237 | D        | Noticed a black bear
   246 | D        | Killed a black bear
   247 | D        | Banished an orc warrior
   247 | D        | Reached skill level 1 in Armour
   247 | D        | Reached XP level 6. HP: 15/32 MP: 5/18
   264 | D        | Killed a hungry ghost
   264 | D        | Reached * piety under Wu Jian
   264 | D        | Reached XP level 7. HP: 25/37 MP: 18/20
   287 | D        | Noticed a troll
   287 | D        | Noticed a troll
   359 | D        | Banished a troll
   395 | D        | Noticed a basilisk
   539 | D        | Gained mutation: You have large cloven feet. [potion of
                  | mutation]
   539 | D        | Gained mutation: You passively map a small area around you.
                  | [potion of mutation]
   539 | D        | Gained mutation: You have a pair of small horns on your
                  | head. [potion of mutation]
   539 | D        | Gained mutation: You have a pair of horns on your head.
                  | [potion of mutation]
   540 | D        | Noticed an eight-headed hydra
   540 | D        | Noticed a komodo dragon
   540 | D        | Noticed a blink frog
   542 | D        | Banished a blink frog
   546 | D        | Reached ** piety under Wu Jian
   546 | D        | Reached skill level 5 in Fighting
   546 | D        | Reached skill level 5 in Dodging
   547 | D        | Noticed a hippogriff
   550 | D        | Gained mutation: You have razor-sharp teeth. [Vine Stalker
                  | growth]
   550 | D        | Reached XP level 8. HP: 32/44 MP: 17/22
   557 | D        | HP: 2/44 [eight-headed hydra (1)]
   557 | D        | Mangled by an eight-headed hydra

Vault maps used:
D:        linesprint

Skill      XL: |  1  2  3  4  5  6  7 |
---------------+----------------------+-----
Short Blades   | 3 4 6 8 9 |  9.5
Spellcasting   | 2 4 6 8 9 |  9.8
Fighting       | 2 3 5 |  5.4
Armour         | 1 2 4 |  4.4
Dodging        | 3 4 5 |  5.2
Throwing       | |  1.7

Action                   |  1- 3 |  4- 6 |  7- 9 || total
-------------------------+-------+-------+-------++-------
Melee: Rapier            |    27 |    30 |    39 ||    96
       Bite              |     6 |    10 |    14 ||    30
       Kick              |       |       |     5 ||     5
       Headbutt          |       |       |     5 ||     5
Invok: Lunge             |       |     1 |     3 ||     4
  Use: Potion            |     1 |       |     1 ||     2
  Eat: Chunk             |       |       |     1 ||     1
Armor: Leather armour    |     5 |     1 |       ||     6
       Scale mail        |       |    10 |     9 ||    19
Dodge: Dodged            |    18 |     6 |    27 ||    51

Table legend:
 A = Non-vault XP
 B = Vault XP
 C = Vault XP percentage of total XP
 D = Non-vault monster count
 E = Vault monster count
 F = Vault count percentage of total count
                 A         B        C        D         E       F
            +---------+---------+-------+---------+---------+-------
      Total |       0 |    1223 | 100.0 |       0 |      20 | 100.0
            +---------+---------+-------+---------+---------+-------
          D |       0 |    1223 | 100.0 |       0 |      20 | 100.0
            +---------+---------+-------+---------+---------+-------
